 Dungeon Crawl Stone Soup version 0.20.1-1-g8b1a95d (webtiles) character file.

87 kae the Insei (level 4, 0/35 HPs)
             Began as a Demonspawn Gladiator on Sept 24, 2017.
             Splashed by a jelly's acid (5 damage)
             ... on level 2 of the Dungeon.
             The game lasted 00:02:02 (2198 turns).

kae the Insei (Demonspawn Gladiator)                Turns: 2198, Time: 00:02:03

Health: 0/35       AC:  2    Str: 14    XL:     4   Next: 28%
Magic:  4/4        EV: 12    Int: 10    God:
Gold:   71         SH:  0    Dex: 15    Spells: 3/3 levels left

rFire    . . .     SeeInvis .     - Unarmed
rCold    + . .     Gourm    .   (no shield)
rNeg     . . .     Faith    .   a - +0 leather armour
rPois    .         Spirit   .   b - +0 helmet
rElec    .         Reflect  .   (no cloak)
rCorr    .         Harm     .   (no gloves)
MR       .....                  (no boots)
Stlth    ++........             (no amulet)
Regen    0.2/turn               (no ring)
MPRegen  0.1/turn               (no ring)

@: corroded
A: icy blue scales 1, cold resistance 1, nightstalker 1
a: no special abilities


You were on level 2 of the Dungeon.
You were very hungry.

You visited 1 branch of the dungeon, and saw 2 of its levels.

You collected 71 gold pieces.

Inventory:

Missiles
 c - 3 throwing nets (quivered)
Armour
 a - a +0 leather armour (worn)
 b - a +0 helmet (worn)
Scrolls
 e - 2 scrolls of identify
 f - 3 scrolls of amnesia
Comestibles
 d - a bread ration
 h - 2 fruits


   Skills:
 + Level 3.1 Fighting
 - Level 1.7 Throwing
 - Level 2.6 Dodging
 * Level 4.0 Unarmed Combat


You had 3 spell levels left.
You didn't know any spells.

Dungeon Overview and Level Annotations

Branches:
Dungeon (2/15)

Altars:

Annotations:
D:2 exclusion: 2 gnolls


Innate Abilities, Weirdness & Mutations

You are partially covered in icy blue scales. (AC +2)
Your flesh is cold resistant. (rC+)
You are slightly more attuned to the shadows.


Message History

You hit the jelly but do no damage.
Your hands burn!
The jelly hits you but does no damage.
You hit the jelly.
Your hands burn!
The jelly is moderately wounded.
The jelly hits you. The acid corrodes you!
You are splashed with acid!
The acid burns!
You are too injured to fight recklessly!
You are too injured to fight recklessly!
You are too injured to fight recklessly!
You are too injured to fight recklessly!
You hit the jelly but do no damage.
Your hands burn!
The jelly is moderately wounded.
The jelly closely misses you.
You punch the jelly!
Your hands burn!
The jelly is severely wounded.
The jelly hits you. The acid corrodes you!
You are splashed with acid!
The acid burns!
* * * LOW HITPOINT WARNING * * *
You hit the jelly.
Your hands burn!
You die...

........#
################...
........# P.......#
#.## .......##
....P÷P.# #.# ##.....#
..P.....# #.# #.....#
...JJ...# #.## ##.#..#
........# #...
###.#..# ...÷....#
#### ....#..#
#######'## #####..#
##..@J..## # #..#
#.######## ##########
# #..#######..'....#
#......... ##
#......######....#
##########
.####.#####.##.......#
# ......# #.##.......#
### .######
#)##.......# #.. ##
#.##.....(.# .###.# #
#.###...).## .....#


You could see a jelly.

Vanquished Creatures
  An adder (D:2)
  6 oozes (D:2)
  A worm (D:2)
  A dart slug (D:1)
  A leopard gecko (D:1)
  2 bats
  4 giant cockroaches
  6 hobgoblins
  A quokka (D:2)
  3 frilled lizards
  4 goblins (D:1)
  17 kobolds
  A rat (D:1)
48 creatures vanquished.

Vanquished Creatures (others)
  14 toadstools (D:2)
14 creatures vanquished.

Grand Total: 62 creatures vanquished

Notes
Turn   | Place    | Note
-------+----------+-------------------------------------------
     0 | D:1      | kae the Demonspawn Gladiator began the quest for the Orb.
     0 | D:1      | Reached XP level 1. HP: 16/16 MP: 1/1
   192 | D:1      | Reached skill level 3 in Unarmed Combat
   226 | D:1      | Gained mutation: You are slightly more attuned to the shadows. [demonic ancestry]
   226 | D:1      | Reached XP level 2. HP: 19/23 MP: 2/2
   937 | D:2      | Gained mutation: Your flesh is cold resistant. (rC+) [demonic ancestry]
   937 | D:2      | Reached XP level 3. HP: 28/28 MP: 3/3
  1978 | D:2      | Gained mutation: You are partially covered in icy blue scales. (AC +2) [demonic ancestry]
  1978 | D:2      | Reached XP level 4. HP: 28/35 MP: 4/4
  1990 | D:2      | Reached skill level 4 in Unarmed Combat
  2198 | D:2      | Splashed by a jelly's acid

Skill      XL: |  1  2  3  4 |
---------------+-------------+-----
Unarmed Combat | 3 4 |  4.0
Fighting       | 3 |  3.1
Throwing       | |  1.7
Dodging        | |  2.6

Action                   |  1- 3 |  4- 6 || total
-------------------------+-------+-------++-------
Melee: Unarmed           |   198 |    25 ||   223
       Punch             |     1 |       ||     1
  Use: Scroll            |     4 |       ||     4
       Potion            |     1 |       ||     1
 Stab: Sleeping          |     1 |       ||     1
  Eat: Chunk             |     3 |       ||     3
Armor: Leather armour    |    48 |     8 ||    56
Dodge: Dodged            |    98 |     6 ||   104
